 Dungeon Crawl Stone Soup version 0.25-a0-1126-g5fd7b56c60 (webtiles) character file.

Game seed: 8201352730262263864, levelgen mode: deterministic

192 Gynju the Chiller (level 5, -4/35 HPs)
             Began as a Merfolk Ice Elementalist on May 19, 2020.
             Killed from afar by Pikel (10 damage)
             ... with an iceblast
             ... on level 4 of the Dungeon.
             The game lasted 00:05:57 (4521 turns).

Gynju the Chiller (Merfolk Ice Elementalist)        Turns: 4521, Time: 00:05:57

Health: -4/35      AC:  5    Str:  9    XL:     5   Next: 71%
Magic:  11/11      EV: 13    Int: 15    God:
Gold:   87         SH:  0    Dex: 14    Spells: 8/12 levels left

rFire    . . .     SeeInvis .   h - +0 spear
rCold    . . .     Gourm    .   (no shield)
rNeg     . . .     Faith    .   j - +0 robe (curse)
rPois    .         Spirit   .   k - +0 helmet
rElec    .         Reflect  .   (no cloak)
rCorr    .         Harm     .   (no gloves)
MR       .....                  g - +1 pair of boots
Stlth    +.........             (no amulet)
HPRegen  0.11/turn              s - ring of attention (curse)
MPRegen  0.12/turn              (no ring)

@: no status effects
A: change form in water, swift swim, stealthy swim
a: no special abilities


You were on level 4 of the Dungeon.
You were not hungry.

You visited 1 branch of the dungeon, and saw 4 of its levels.

You collected 87 gold pieces.

Inventory:

Hand Weapons
 h - a +0 spear (weapon)
Armour
 g - a +1 pair of boots (worn)
 j - a cursed +0 robe (worn)
 k - a +0 helmet (worn)
Jewellery
 s - a cursed ring of attention (left hand)
Scrolls
 b - 3 scrolls of immolation {unknown}
 e - 3 scrolls of remove curse {unknown}
 f - 5 scrolls of identify {unknown}
 l - 3 scrolls of enchant armour {unknown}
 n - a scroll of teleportation {unknown}
 o - a scroll of noise {unknown}
 t - a scroll of fog {unknown}
Potions
 a - a potion of flight {unknown}
 d - 2 potions of curing {unknown}
 i - a potion of degeneration {unknown}
 m - a potion of stabbing {unknown}
 p - a potion of invisibility {unknown}
 q - a potion of resistance {unknown}
 r - 2 potions of heal wounds {unknown}
Comestibles
 c - 3 rations
 u - a chunk of flesh


   Skills:
 - Level 2.6 Dodging
 - Level 2.1 Stealth
 + Level 4.0 Spellcasting
 + Level 6.1 Ice Magic


You had 8 spell levels left.
You knew the following spells:

 Your Spells              Type           Power        Failure   Level  Hunger
a - Freeze                Ice            ###.         1%          1    None
b - Frozen Ramparts       Ice            ###...       4%          3    ###....

Your spell library contained the following spells:

 Spells                   Type           Power        Failure   Level  Hunger
 Ozocubu's Armour         Chrm/Ice       ##......     16%         3    ###....
 Hailstorm                Conj/Ice       ##......     45%         4    ####...
 Summon Ice Beast         Ice/Summ       ##......     45%         4    ####...


Dungeon Overview and Level Annotations

Branches:
Dungeon (4/15)
 Temple: D:4-7

Altars:
Kikubaaqudgha
Trog

Annotations:
D:4 Grinder, Ijyb, Pikel


Message History

You see here a jackal skeleton. x2
Eating one of 3 chunks of flesh.
You eat one of the 3 chunks of flesh.
This raw flesh tastes terrible.
You are feeling hungry.
Eating one of 2 chunks of flesh.
You eat one of the 2 chunks of flesh.
This raw flesh tastes terrible.
Pikel is too close now for your liking.
Press: ? - help, v - describe, . - travel
Here: Pikel, wielding a +1 whip of electrocution, wearing a +0 robe and carrying a wand of iceblast (11) (wandering, hasn't noticed you)
The floor.
Unknown command.
Pikel shouts!
Pikel zaps a wand.
The mass of ice explodes!
The iceblast engulfs you!
You hear a shout! x2
Ijyb the Twisted Goblin comes into view.
She is wielding a +0 club, wearing a +3 scale mail of fire resistance and carrying a wand of iceblast (9).
You see here a jackal skeleton.
Pikel zaps a wand.
The mass of ice explodes!
The iceblast engulfs you!
* * * LOW HITPOINT WARNING * * *
Pikel zaps a wand.
The mass of ice explodes!
The iceblast engulfs you!
You die...

#...# #.####....
####.####
#.####..##
#.......#
#.......##
#.##.##.#
#######.##
#.##.##.# #.##
#.##....# #...
#.#####.# ####
#.......# #.
###@##### .. #.
#.# ###.## #.
#.# ...... #.
#.# ##..#.##. #.
#รท# #........
#. #K#
##)........p.
##g##
#.....#...###
#...###.........
#.#.............


You could see Pikel and Ijyb.

Vanquished Creatures
  3 slaves
  A hound (D:4)
  6 adders
  2 oozes (D:3)
  7 worms (D:2)
  3 dart slugs
  A leopard gecko (D:3)
  An orc (D:3)
  2 ball pythons (D:3)
  6 giant cockroaches
  12 hobgoblins
  2 jackals (D:4)
  6 bats
  6 frilled lizards
  3 goblins
  9 kobolds
  A leopard gecko skeleton (D:4)
  8 rats
79 creatures vanquished.

Notes
Turn   | Place    | Note
-------+----------+-------------------------------------------
     0 | D:1      | Gynju the Merfolk Ice Elementalist began the quest for the
                  | Orb.
     0 | D:1      | Reached XP level 1. HP: 13/13 MP: 3/3
   256 | D:1      | Reached XP level 2. HP: 19/19 MP: 3/5
  1480 | D:2      | Reached skill level 5 in Ice Magic
  1480 | D:2      | Reached XP level 3. HP: 23/24 MP: 1/7
  1553 | D:2      | You fall into a shaft and drop 1 floor!
  1848 | D:3      | Reached XP level 4. HP: 28/30 MP: 5/8
  2004 | D:3      | Found an ancient bone altar of Kikubaaqudgha.
  2761 | D:2      | Learned a level 3 spell: Frozen Ramparts
  2994 | D:2      | Reached XP level 5. HP: 31/35 MP: 3/10
  3483 | D:2      | Noticed a moth of wrath
  3486 | D:2      | Found a bloodstained altar of Trog.
  3955 | D:4      | Noticed Grinder
  4112 | D:4      | Reached skill level 6 in Ice Magic
  4171 | D:4      | Noticed a slave
  4171 | D:4      | Noticed a slave
  4171 | D:4      | Noticed Pikel
  4192 | D:3      | Killed a slave
  4253 | D:3      | Killed a slave
  4355 | D:4      | Noticed a slave
  4364 | D:4      | Killed a slave
  4514 | D:4      | Noticed Ijyb
  4521 | D:4      | Killed from afar by Pikel

Illustrated notes

Levels and vault maps discovered:
D:1:      beargit_arrival_greenhouse, layout_basic
D:2:      layout_basic, tgw_trog, first_ration
D:3:      layout_rooms, lemuel_doored_altar
D:4:      layout_loops_cross, nicolae_gozag_cash_rules_everything_around_me,
          serial_shops, shop_statue, uniq_grinder, uniq_ijyb, uniq_pikel

Skill      XL: |  1  2  3  4  5 |
---------------+----------------+-----
Ice Magic      | 5 6 |  6.1
Spellcasting   | 3 4 |  4.0
Dodging        | |  2.6
Stealth        | |  2.1

Action                   |  1- 3 |  4- 6 || total
-------------------------+-------+-------++-------
Melee: Unarmed           |     3 |       ||     3
       Short sword       |     2 |       ||     2
       Spear             |    57 |   103 ||   160
 Cast: Freeze            |    33 |    90 ||   123
 Stab: Sleeping          |     2 |     3 ||     5
       Distracted        |     1 |       ||     1
  Eat: Chunk             |     3 |     9 ||    12
Armor: Robe              |    15 |    42 ||    57
Dodge: Dodged            |    52 |    96 ||   148

Table legend:
 A = Non-vault XP
 B = Vault XP
 C = Vault XP percentage of total XP
 D = Non-vault monster count
 E = Vault monster count
 F = Vault count percentage of total count
                 A         B        C        D         E       F
            +---------+---------+-------+---------+---------+-------
      Total |     254 |      21 |   7.6 |      71 |       5 |   6.6
            +---------+---------+-------+---------+---------+-------
        D:1 |      33 |       0 |   0.0 |      20 |       0 |   0.0
        D:2 |      77 |      21 |  21.4 |      19 |       5 |  20.8
        D:3 |      97 |       0 |   0.0 |      28 |       0 |   0.0
        D:4 |      47 |       0 |   0.0 |       4 |       0 |   0.0
            +---------+---------+-------+---------+---------+-------
